Map: 드림캐처 - 래더

Players

lIIllllIIlll (INnoVation) - Winner!

  • Race: Terran Terran
  • League: Master
  • Spawn Location: 11:00

FanTaSy

  • Race: Terran Terran
  • League: Diamond
  • Spawn Location: 5:00

Event: HomeStory Cup XVII

VOD

Have the link to the VOD?

Description

Time

  • Played on: June 29, 2018, 4:31 p.m.
  • Length: 13:54

All games in this series

Show
View Real Time Build Order
Export as new Build Order

lIIllllIIlll Terran - Winner!

Build Orders: Cyclone Opening, Gas First Reaper Expand, Reaper Expand, Bio Tank 

Get SALT Encoding   

  12  0:00  SCV  
  13  0:12  SCV  
  14  0:17  Supply Depot  
  14  0:25  SCV  
  14  0:27  Refinery  
  15  0:38  SCV  
  16  0:44  Barracks  
  16  0:50  SCV  
  17  1:02  SCV  
  18  1:15  SCV  
  19  1:31  Orbital Command  
  19  1:32  Reaper  
  20  1:44  Command Center  
  20  1:54  Factory  
  20  1:58  SCV  
  21  2:05  Barracks Reactor  
  21  2:10  Refinery, SCV  
  22  2:15  Supply Depot  
  22  2:22  SCV  
  23  2:37  SCV  
  23  2:38  Cyclone  
  23  2:41  Marine x2  
  29  2:49  SCV  
  30  2:55  Orbital Command  
  30  2:57  Starport  
  30  3:01  SCV  
  30  3:02  Marine  
  30  3:05  Marine  
  33  3:11  Factory Tech Lab  
  33  3:13  SCV  
  34  3:20  Supply Depot, Marine  
  34  3:23  Marine  
  34  3:25  SCV  
  34  3:26  SCV  
  37  3:39  Raven, SCV x2  
  37  3:40  Marine x2  
  43  3:44  Supply Depot  
  43  3:51  SCV x2  
  45  4:03  Marine x2  
  45  4:04  SCV x2  
  45  4:08  Cyclone  
  52  4:16  SCV x2  
  54  4:20  Command Center  
  54  4:30  Starport Reactor, SCV x2  
  56  4:31  Stimpack  
  56  4:33  Barracks  
  56  4:37  Marine  
  57  4:42  Factory Tech Lab  
  57  4:43  Barracks  
  57  4:47  SCV x2  
  57  4:49  Supply Depot  
  58  4:55  Marine  
  58  4:59  SCV x2  
  61  5:06  Refinery  
  61  5:07  Refinery  
  61  5:11  Siege Tank, SCV x2  
  61  5:12  Starport Reactor  
  66  5:14  Marine  
  66  5:21  Supply Depot, Marine x2  
  67  5:25  Engineering Bay  
  67  5:26  Engineering Bay  
  67  5:27  SCV  
  70  5:32  SCV  
  70  5:34  Orbital Command  
  70  5:38  Marine x3  
  70  5:39  Marine x2  
  75  5:43  Siege Tank  
  78  5:51  SCV x2  
  78  5:52  Terran Infantry Weapons Level 1  
  78  5:54  Supply Depot, Terran Infantry Armor Level 1  
  80  6:02  Marine  
  80  6:03  Orbital Command, Marine x4  
  84  6:08  SCV x2  
  84  6:09  Supply Depot  
  86  6:14  Medivac x2  
  90  6:20  SCV x2  
  92  6:28  Marine x2  
  92  6:29  Marine x3, Missile Turret  
  92  6:31  SCV  
  92  6:32  Combat Shields  
  95  6:40  SCV x2  
  95  6:42  Supply Depot x2  
  95  6:43  SCV  
  95  6:46  Medivac x2  
  102  6:48  Marine x4  
  102  6:50  Marine  
  107  6:55  SCV x2  
  107  6:57  SCV  
  107  7:00  Barracks  
  107  7:01  Barracks  
  107  7:05  Supply Depot  
  107  7:09  Armory  
  107  7:11  Siege Tank  
  105  7:22  SCV x3  
  104  7:26  Marine x5  
  104  7:28  Refinery x2  
  109  7:30  Supply Depot  
  109  7:36  SCV x3  
  112  7:37  Medivac x2  
  112  7:43  Siege Tank  
  119  7:46  Supply Depot, Marine x5  
  119  7:48  SCV x3  
  119  8:01  Barracks Reactor x2  
  119  8:03  SCV  
  119  8:04  Marine x2  
  120  8:06  Marine x2, SCV x2  
  120  8:08  Terran Infantry Armor Level 2, Terran Infantry Weapons Level 2  
  124  8:13  Marine  
  124  8:18  Siege Tank  
  128  8:21  Marine x2  
  128  8:24  Sensor Tower, Supply Depot, Marine x2  
  130  8:31  Marine  
  131  8:38  Terran Vehicle Weapons Level 1  
  131  8:39  Factory, Marine x2  
  132  8:48  Medivac x2  
  134  8:50  Marine x7  
  143  8:57  Marine x2  
  145  9:03  Siege Tank  
  145  9:07  Marine  
  145  9:08  Supply Depot, Marine x6  
  154  9:15  Marine  
  151  9:17  Marine  
  151  9:18  Viking x2  
  151  9:20  Supply Depot  
  151  9:23  Factory Tech Lab  
  156  9:25  Supply Depot, Marine  
  156  9:29  Marine x6  
  163  9:35  Command Center  
  163  9:42  Siege Tank  
  166  9:48  Viking x2  
  170  9:55  Marine x6, Siege Tank  
  170  9:56  Marine  
  180  10:07  SCV x2  
  180  10:10  Supply Depot  
  180  10:14  SCV  
  181  10:18  Viking x2  
  184  10:24  Siege Tank  
  184  10:26  Terran Infantry Weapons Level 3, Terran Infantry Armor Level 3  
  185  10:29  Marine x3  
  187  10:43  Refinery  
  187  10:44  Refinery  
  187  10:45  Sensor Tower  
  187  10:48  Viking x2  
  187  10:49  Planetary Fortress  
  189  10:58  Marine x8  
  189  10:59  Marine  
  189  11:02  Liberator  
  198  11:05  Liberator, Terran Vehicle Weapons Level 2  
  197  11:21  Barracks  
  197  11:23  Barracks  
  199  11:34  Marine  
  198  11:41  Siege Tank  
  187  12:01  Command Center  
  187  12:02  Viking  
  187  12:05  Viking  
  191  12:14  Orbital Command  
  167  12:26  Siege Tank  
  167  12:27  Marine, Siege Tank  
  167  12:28  Marine x8  
  180  12:30  Barracks Reactor x2  
  180  12:32  Viking  
  180  12:34  Viking  
  166  12:38  Sensor Tower  
  166  12:39  SCV x3  
  169  12:45  Marine x5  
  169  12:46  Marine x4  
  178  12:59  Siege Tank  
  178  13:00  Siege Tank  
  178  13:03  Marine x7  
  191  13:09  Medivac x2  
  195  13:17  Marine x2  
Show
View Real Time Build Order
Export as new Build Order

FanTaSy Terran 

Build Orders: Cyclone Opening, Gas First Reaper Expand, Reaper Expand, Bio Tank 

Get SALT Encoding   

  12  0:00  SCV  
  13  0:12  SCV  
  14  0:17  Supply Depot  
  14  0:24  SCV  
  15  0:28  Refinery  
  15  0:38  SCV  
  16  0:44  Barracks  
  16  0:50  SCV  
  17  1:02  SCV  
  18  1:15  SCV  
  19  1:31  Orbital Command, Reaper  
  20  1:45  Command Center  
  20  1:55  Factory  
  20  2:00  SCV  
  21  2:05  Refinery  
  21  2:07  Barracks Reactor  
  21  2:12  SCV  
  22  2:18  Supply Depot  
  22  2:24  SCV  
  23  2:39  Cyclone, SCV  
  23  2:43  Marine x2  
  29  2:51  SCV  
  29  2:54  Starport  
  30  2:59  Orbital Command  
  30  3:03  SCV  
  31  3:12  Marine x2  
  33  3:13  Factory Tech Lab  
  33  3:16  SCV  
  34  3:25  SCV  
  35  3:28  SCV  
  35  3:29  Marine  
  35  3:30  Marine  
  38  3:35  Refinery  
  38  3:37  SCV  
  38  3:40  SCV  
  40  3:41  Raven  
  40  3:44  Supply Depot  
  40  3:47  Factory Tech Lab  
  42  3:49  SCV  
  42  3:52  SCV  
  42  3:55  Supply Depot, Marine x2  
  46  4:05  SCV x2  
  46  4:07  Liberator  
  46  4:08  Siege Tank  
  51  4:14  Marine x2  
  52  4:17  SCV x2  
  54  4:29  Supply Depot, SCV x2  
  59  4:33  Supply Depot  
  61  4:41  Siege Tank  
  62  4:50  Marine x2  
  62  4:51  SCV x2  
  66  4:55  Supply Depot  
  65  5:03  SCV x2  
  67  5:08  Command Center  
  69  5:15  SCV x2  
  69  5:21  Siege Tank  
  69  5:25  Refinery  
  69  5:27  Barracks x2  
  72  5:34  Stimpack, Marine  
  72  5:35  SCV x2  
  75  5:43  Engineering Bay  
  75  5:44  Engineering Bay  
  75  5:47  Viking x2  
  79  5:50  Supply Depot x2, SCV  
  79  5:56  SCV  
  81  6:01  Marine  
  81  6:03  Siege Tank  
  85  6:07  SCV  
  83  6:13  SCV  
  83  6:15  Terran Infantry Armor Level 1, Terran Infantry Weapons Level 1  
  83  6:18  Barracks Reactor  
  84  6:19  Barracks Reactor, Marine  
  84  6:22  Viking  
  86  6:27  Orbital Command  
  86  6:28  SCV x2  
  86  6:32  Viking  
  88  6:37  Marine  
  88  6:38  Refinery  
  88  6:39  Refinery  
  89  6:41  Siege Tank  
  89  6:45  SCV  
  89  6:46  SCV  
  94  6:52  Barracks  
  94  6:53  Barracks  
  94  6:54  Sensor Tower  
  94  7:03  Marine x4  
  94  7:04  Marine  
  94  7:05  SCV x3  
  102  7:10  Medivac x2  
  103  7:18  Siege Tank  
  103  7:19  SCV x3  
  99  7:23  Liberator  
  99  7:27  Marine x4  
  99  7:28  Marine  
  103  7:32  SCV x3  
  105  7:41  Barracks Reactor  
  105  7:42  Barracks Reactor  
  108  7:44  SCV x3  
  108  7:50  Marine x4  
  108  7:51  Marine  
  116  7:56  SCV x3  
  108  8:00  Siege Tank  
  102  8:08  Marine x5  
  105  8:16  Supply Depot  
  105  8:23  Missile Turret  
  105  8:24  Supply Depot  
  105  8:26  Supply Depot  
  105  8:33  Combat Shields  
  105  8:45  Marine x2, SCV x3  
  108  8:54  Marine x4  
  108  8:55  Marine x3  
  111  8:57  SCV x3  
  114  9:03  Marine  
  114  9:06  Medivac  
  117  9:10  Siege Tank, SCV x2  
  117  9:12  Medivac, SCV  
  111  9:19  Refinery  
  111  9:22  Armory, SCV  
  111  9:23  Marine x3  
  115  9:28  Marine x2  
  117  9:33  Supply Depot  
  117  9:35  Supply Depot  
  117  9:36  Supply Depot  
  117  9:54  Medivac x2  
  117  9:55  Supply Depot, Siege Tank, SCV  
  117  9:56  Marine x6, SCV x2  
  117  9:57  Marine x2  
  117  9:58  Supply Depot  
  117  9:59  Supply Depot  
  135  10:14  Factory  
  135  10:18  Terran Vehicle Weapons Level 1  
  135  10:19  Barracks Reactor, SCV x2  
  135  10:20  SCV  
  138  10:21  Marine x2  
  138  10:22  Marine x6  
  138  10:27  Siege Tank  
  148  10:39  Marine x2  
  148  10:40  Command Center  
  148  10:42  Viking x2  
  152  10:51  Marine x2  
  152  10:52  Marine x4  
  158  10:57  Marine x2  
  158  10:58  Siege Tank  
  163  11:15  Supply Depot x2  
  163  11:16  Supply Depot  
  163  11:27  Marine x2  
  163  11:29  Command Center  
  165  11:36  Marine x8  
  165  11:37  Siege Tank  
  165  11:38  Siege Tank  
  161  11:51  Marine x2  
  161  11:53  Marine  
  157  11:57  Marine  
  157  11:58  Marine x2  
  138  12:09  Siege Tank  
  138  12:10  Siege Tank  
  126  12:17  Medivac x2  
  126  12:22  Marine x10  
  110  12:40  Marine x4  
  110  12:41  Command Center, Siege Tank  
  117  12:47  Medivac x2  
  119  12:55  Marine x6  
  114  13:10  Siege Tank  
  103  13:13  Siege Tank  
  101  13:22  Marine x5  
Tags
 
Add a new tag
Caveats
  • Supply blocks, unpowered buildings, or Contaminate may cause inaccurate times.
  • Supply counts are checked every 10 seconds.